 Seeded DCSS version 0.30.1-3-gfc49f6343a (webtiles) character file.

Game seed: 4840754667676823100 (custom seed)

34 CInkIbrahim the Shield-Bearer (level 3, 16/29 HPs)
             Began as a Formicid Fighter on July 25, 2023.
             Quit the game on level 2 of the Dungeon.
             The game lasted 00:00:45 (730 turns).

CInkIbrahim the Shield-Bearer (Formicid Fighter)     Turns: 730, Time: 00:00:46

Health: 16/29      AC:  6    Str: 22    XL:     3   Next: 50%
Magic:  3/3        EV:  9    Int:  7    God:
Gold:   21         SH:  5    Dex: 13    Spells: 2/2 levels left

rFire   . . .        a - +0 trident
rCold   . . .        c - +0 buckler
rNeg    . . .        b - +0 scale mail
rPois   .            (helmet unavailable)
rElec   .            (no cloak)
rCorr   .            (no gloves)
SInv    +            (no boots)
Will    .....        (no amulet) Stlth
                     (no ring)
HPRegen 0.24/turn    (no ring)
MPRegen 0.08/turn

%: no passive effects
@: no status effects
A: permanent stasis, dig shafts and tunnels, antennae 3, four strong arms
a: Dig, Shaft Self


You were on level 2 of the Dungeon.
You visited 1 branch of the dungeon, and saw 2 of its levels.

You collected 21 gold pieces.

Inventory:

Hand Weapons
 a - a +0 trident (weapon)
Armour
 b - a +0 scale mail (worn)
 c - a +0 buckler (worn)
Scrolls
 f - a scroll of identify
 k - 3 scrolls of fear
Potions
 d - a potion of might
 e - a potion of curing {unknown}
 h - 2 potions of degeneration {unknown}
 l - a potion of mutation {unknown}
 m - a potion of flight {unknown}


   Skills:
 - Level 3.2 Fighting
 + Level 3.6 Polearms
 - Level 3.2 Armour
 - Level 4.0 Shields


You had 2 spell levels left.
You didn't know any spells.
Your spell library contained the following spells:

 Spells                   Type           Power      Damage    Failure   Level
 Necrotise                Necr           0%         1d4       83%         1
 Vampiric Draining        Necr           0%         2d6       99%         3
 Agony                    Necr           0%         N/A       100%        5


Dungeon Overview and Level Annotations

Branches:
Dungeon (2/15)

Altars:


Innate Abilities, Weirdness & Mutations

You cannot be hasted, slowed, berserked, paralysed or teleported.
You can dig through walls and to a lower floor.
You have a pair of large antennae on your head. (SInv)
Your four strong arms can wield two-handed weapons with a shield.


Message History

Done exploring.
No target in view!
Done exploring.
No target in view!
Done exploring.
No target in view!
Done exploring.
No target in view!
Done exploring.
No target in view!
Done exploring.
No target in view!
Done exploring.
No target in view!
Done exploring.
No target in view!
Done exploring.
No target in view!
Search for what [? for help]? .
(D) Dungeon
Where to? (? - help)
There is a stone staircase leading down here.
You climb downwards.
Found 5 gold pieces.
There is a stone staircase leading up here.
Okay, then.
As you read the scroll labelled GUTHROF CERUTRU, it crumbles to dust.
It is a scroll of identify.
k - 3 scrolls of fear
As you read the scroll labelled MUC VESAV GES, it crumbles to dust.
It is a scroll of amnesia.
You feel forgetful for a moment.
As you read the scroll labelled NEURPHO BEAC, it crumbles to dust.
The scroll dissolves into smoke.
It was a scroll of fog.
Unknown command.
As you read the scroll labelled OKHLOSTR ZONEYSTUEDGH, it crumbles to dust.
Your body is wracked with pain!
It was a scroll of torment.
This is a scroll of acquirement!
Something appears at your feet!
Are you sure you want to abandon this character and quit the game? (Confirm with "yes".) ######### ...$.ยงยง@# #########

There were no monsters in sight!

Vanquished Creatures
  A gnoll (D:1)
  A dart slug (D:1)
  2 ball pythons (D:1)
  3 goblins (D:1)
  3 hobgoblins (D:1)
  4 kobolds (D:1)
  A quokka (D:1)
  A bat (D:1)
  3 frilled lizards (D:1)
  3 rats (D:1)
22 creatures vanquished.

Notes
Turn   | Place    | Note
-------+----------+-------------------------------------------
     0 | D:1      | CInkIbrahim the Formicid Fighter began the quest for the
                  | Orb.
     0 | D:1      | Reached XP level 1. HP: 18/18 MP: 1/1
   155 | D:1      | Reached XP level 2. HP: 24/24 MP: 2/2
   327 | D:1      | Reached XP level 3. HP: 27/29 MP: 3/3
   729 | D:2      | Identified a scroll of acquirement
   729 | D:2      | Acquired 1025 gold pieces
   730 | D:2      | Quit the game

Illustrated notes

Levels and vault maps discovered:
D:1:      tarquinn_simple_flora_water_f, layout_basic
D:2:      layout_basic

Skill      XL: |  1  2 |
---------------+-------+-----
Polearms       | 3 |  3.6
Fighting       | |  3.2
Armour         | |  3.2
Shields        | |  4.0

Action                     || total
---------------------------++-------
  Melee: Trident           ||    46
    Use: Scroll            ||     5
 Armour: Scale mail        ||     9
  Dodge: Dodged            ||     6
  Block: Buckler           ||    16
